 Dungeon Crawl Stone Soup version 0.30-a0-347-gf58ed5266c (webtiles) character file.

Game seed: 66680080841033181

22591 greasedhog the Grappler (level 12, 0/122 HPs)
             Began as a Troll Fighter on Nov 5, 2022.
             Was an Elder of Wu Jian.
             Slain by an ogre
             ... wielding a +0 giant spiked club
              (34 damage)
             ... on level 1 of the Orcish Mines.
             The game lasted 00:21:21 (10846 turns).

greasedhog the Grappler (Troll Fighter)            Turns: 10846, Time: 00:21:22

Health: 0/122      AC:  9    Str: 32    XL:     12   Next: 64%
Magic:  11/11      EV: 10    Int:  8    God:    Wu Jian [****..]
Gold:   330        SH: 15    Dex:  9    Spells: 11/11 levels left

rFire   + . .      SeeInvis .      - Unarmed
rCold   . . .      Faith    .    b - +0 kite shield
rNeg    . . .      Spirit   .    w - +0 acid dragon scales
rPois   .          Reflect  +    (helmet restricted)
rElec   .          Harm     .    F - +0 cloak
rCorr   +          Rampage  .    (gloves unavailable)
Will    +....                    (boots unavailable)
Stlth   +.........               O - amulet of Dutoiwk {Reflect Str+5 SH+5}
HPRegen 1.20/turn                e - ring of willpower
MPRegen 0.12/turn                D - ring of protection from fire

@: no status effects
A: large, unfitting armour, claws 3, regeneration 1, shaggy fur 1, tough skin 1
a: Renounce Religion, Wall Jump, Serpent's Lash


You were on level 1 of the Orcish Mines.
You worshipped Wu Jian.
Wu Jian was greatly pleased with you.
You visited 3 branches of the dungeon, and saw 14 of its levels.
You also visited: Ossuary and Volcano.

You collected 995 gold pieces.
You spent 665 gold pieces at shops.

Inventory:

Missiles
 k - 29 poisoned darts (quivered)
Armour
 b - a +0 kite shield (worn)
 w - +0 acid dragon scales (worn)
 F - a +0 cloak (worn)
 L - a +2 robe of fire resistance
Jewellery
 e - a ring of willpower (left claw)
 y - a ring of wizardry
 D - a ring of protection from fire (right claw)
 N - a ring of ice
 O - the amulet of Dutoiwk (around neck) {Reflect Str+5 SH+5}
   (You bought it in a shop on level 1 of the Orcish Mines)

   [amulet of reflection]

   It reflects blocked missile attacks.
   Str:       It affects your strength (+5).
   SH:        It affects your SH (+5).
Wands
 C - a wand of charming (35)
 G - a wand of acid (22)
 J - a wand of roots (10)
 M - a wand of flame (9)
Scrolls
 i - 4 scrolls of teleportation
 m - 3 scrolls of fog
 n - a scroll of torment {unknown}
 o - 2 scrolls of fear {unknown}
 p - 5 scrolls of poison
 q - 2 scrolls of blinking
 t - 4 scrolls of enchant armour
 x - a scroll of silence {unknown}
 A - 2 scrolls of acquirement {unknown}
 B - 2 scrolls of magic mapping {unknown}
 E - a scroll of enchant weapon {unknown}
 K - a scroll of amnesia
Potions
 a - a potion of lignification {unknown}
 c - 3 potions of might
 d - 12 potions of curing
 f - 2 potions of brilliance {unknown}
 g - 4 potions of ambrosia {unknown}
 h - 4 potions of heal wounds
 j - 5 potions of attraction
 l - 2 potions of experience {unknown}
 r - 2 potions of flight {unknown}
 s - 2 potions of haste {unknown}
 u - 4 potions of degeneration {unknown}
 v - a potion of invisibility {unknown}
 z - 2 potions of mutation {unknown}
 H - 2 potions of resistance {unknown}
 I - a potion of cancellation {unknown}


   Skills:
 + Level 8.9 Fighting
 + Level 6.9 Dodging
 + Level 9.7 Shields
 * Level 14.2 Unarmed Combat


You had 11 spell levels left.
You didn't know any spells.
Your spell library contained the following spells:

 Spells                   Type           Power      Damage    Failure   Level
 Freeze                   Ice            0%         1d3       67%         1
 Kiss of Death            Conj/Necr      0%         2d5       67%         1
 Sandblast                Erth           0%         2d4       67%         1
 Summon Small Mammal      Summ           0%         N/A       67%         1
 Passwall                 Tmut/Erth      0%         N/A       82%         2
 Sublimation of Blood     Necr           0%         N/A       82%         2
 Wereblood                Tmut           0%         N/A       82%         2
 Call Canine Familiar     Summ           0%         N/A       96%         3
 Confusing Touch          Hex            0%         N/A       96%         3
 Frozen Ramparts          Ice            0%         1d1       96%         3
 Hailstorm                Conj/Ice       0%         3d3       96%         3
 Stone Arrow              Conj/Erth      0%         3d7       96%         3
 Summon Guardian Golem    Hex/Summ       0%         N/A       96%         3
 Dispel Undead            Necr           0%         3d6       100%        4
 Summon Hydra             Summ           0%         N/A       100%        7


Dungeon Overview and Level Annotations

Branches:
Dungeon (11/15)            Temple (0/1) D:6            Lair (1/5) D:9
    Orc (2/2) D:11        Ossuary (visited)         Volcano (visited)
    Elf: Orc:2

Altars:
Ashenzari
Elyvilon
Fedhas
Gozag
Hepliaklqana
Makhleb
Okawaru
Ru
Sif Muna
Uskayaw
Wu Jian
Xom
Yredelemnul

Shops:
D:4 [   Orc:1 =   Orc:2 !*


Innate Abilities, Weirdness & Mutations

You are too large for most types of armour.
You have claws for hands.
Your natural rate of healing is unusually fast.
You are covered in fur. (AC +1)
You have tough skin. (AC +1)


Message History

There is a stone staircase leading up, spattered with blood here.
You block the troll's attack. x3; The ogre closely misses you.
You block the ogre's attack. The troll bites you.
The troll claws you but does no damage. The troll claws you.
The ogre hits you with a +0 giant club!
You climb upwards.
There is a stone staircase leading down here.
You spin and attack the ogre repeatedly.
You barely miss the ogre. x2
You closely miss the ogre. The ogre barely misses you. x2
You block the troll's attack. The troll claws you!
The troll claws you but does no damage.
The ogre hits you with a +0 giant club!!
You spin and attack the ogre.
You scratch the ogre.
The ogre is moderately wounded.
You spin and attack the troll.
You mangle the troll!!
The troll is severely wounded.
The ogre hits you with a +0 giant club! You block the troll's attack.
The troll claws you. You block the troll's attack.
Unknown command.
You spin and attack the troll repeatedly.
You mangle the troll!!
You kill the troll!
The Council accepts your kill.
The troll leather armour is intact enough to wear.
You spin and attack the ogre.
You claw the ogre!
The ogre is severely wounded.
The ogre hits you with a +0 giant club. You block the ogre's attack.
You spin and attack the ogre.
You claw the ogre!
The ogre is moderately wounded.
The ogre hits you with a +0 giant club!!
* * * LOW HITPOINT WARNING * * *
You mangle the ogre!!
You kill the ogre!
The Council accepts your kill. You block the ogre's attack.
You barely miss the ogre.
The ogre is severely wounded.
The ogre hits you with a +0 giant spiked club!!
You die...

[....[.#####.##....#.....##
.......##...#####....∩..###
<.....##.##....##....####.##
###..#####......#.....#....#
##..##.....##.....#.......##
######...........###.......#
#...........## ###....##
##.........[..#####....#
#..#####^...O@...#....##
##.#.####...>O#......###
#.......##..###......#
###......#### #...#.##
#.....## ##..### ###....#
##.# ###..## ### ##....#
#"....#


You could see 2 ogres.

Vanquished Creatures
  Fannar (Orc:1)
  2 boulder beetles
  4 two-headed ogres
  An orc high priest (Orc:2)
  Nergalle (Orc:1)
  A hell knight (Volcano)
  A salamander mystic (Volcano)
  Pikel (D:7)
  The ghost of Chaicat the Shield-Bearer, a novice GnFi of Okawaru (D:5)
  2 deep elf pyromancers (Volcano)
  An orc sorcerer (Orc:1)
  2 salamanders (Volcano)
  A manticore (D:11)
  4 cyclopes
  A black mamba (Lair:1)
  Joseph (D:7)
  4 molten gargoyles (Volcano)
  Maggie (D:7)
  2 komodo dragons
  2 trolls (Orc:1)
  2 hornets
  Prince Ribbit (D:7)
  3 shadows
  3 yaks (D:8)
  2 wraiths
  4 wyverns (D:9)
  A basilisk (D:9)
  A steam dragon (D:8)
  3 water moccasins
  3 acid dragons
  2 black bears
  9 orc warriors
  An ice beast (D:5)
  4 centaurs
  9 ogres
  3 phantoms
  2 kobold brigands
  4 bullfrogs
  2 wyvern zombies (Ossuary)
  A gnoll sergeant (Orc:1)
  A water moccasin zombie (Ossuary)
  2 necrophages
  A scorpion (D:7)
  5 wights (D:8)
  A troll zombie (D:11)
  A centaur zombie (Ossuary)
  A crimson imp (D:4)
  5 hounds
  A jelly (D:4)
  A bullfrog zombie (Ossuary)
  9 orc priests
  15 mummies
  Crazy Yiuf (D:7)
  4 iguanas
  13 orc wizards
  2 killer bee zombies (Ossuary)
  5 ogre zombies (D:11)
  3 howler monkey zombies (Ossuary)
  12 gnolls
  7 adders
  A white imp (D:7)
  An ufetubus (D:4)
  2 worms
  3 dart slugs
  43 orcs
  4 ball pythons
  3 endoplasms
  6 goblins
  A hobgoblin (D:2)
  6 jackals
  13 kobolds
  3 quokkas
  2 bats
  5 frilled lizards
  2 goblin zombies (D:11)
  A hobgoblin skeleton (D:11)
  3 hobgoblin zombies
  A kobold zombie (D:8)
  2 orc skeletons (D:11)
  14 orc zombies
  A rat (D:1)
301 creatures vanquished.

Vanquished Creatures (others)
  An orc (D:8)
  3 fungi (Lair:1)
  4 toadstools (D:1)
  4 withered plants (Ossuary)
12 creatures vanquished.

Grand Total: 313 creatures vanquished

Notes
Turn   | Place    | Note
-------+----------+-------------------------------------------
     0 | D:1      | greasedhog the Troll Fighter began the quest for the Orb.
     0 | D:1      | Reached XP level 1. HP: 22/22 MP: 0/0
   258 | D:1      | Reached XP level 2. HP: 29/29 MP: 1/1
   302 | D:1      | Found a faded altar of an unknown god.
  1070 | D:2      | Reached XP level 3. HP: 34/36 MP: 2/2
  1265 | D:2      | Reached skill level 3 in Unarmed Combat
  2064 | D:4      | Reached XP level 4. HP: 45/45 MP: 3/3
  2095 | D:4      | Found Plog's Antique Armour Shop.
  2133 | D:4      | Found a burning altar of Makhleb.
  2134 | D:4      | Found a shimmering altar of Xom.
  2173 | D:4      | Reached skill level 4 in Unarmed Combat
  2173 | D:4      | Reached XP level 5. HP: 32/53 MP: 4/4
  2195 | D:4      | Found a sand-covered staircase.
  2203 | Ossuary  | Entered an ossuary
  2240 | Ossuary  | Reached XP level 6. HP: 56/61 MP: 5/5
  2298 | Ossuary  | Reached skill level 5 in Unarmed Combat
  2379 | Ossuary  | Reached XP level 7. HP: 48/68 MP: 6/6
  2490 | Ossuary  | Reached skill level 6 in Unarmed Combat
  2929 | D:4      | Found a blossoming altar of Fedhas.
  2929 | D:4      | Found a hide-covered altar of Uskayaw.
  2942 | D:4      | Found an iron altar of Okawaru.
  2945 | D:4      | Found a basalt altar of Yredelemnul.
  2947 | D:4      | Found a hazy altar of Hepliaklqana.
  2954 | D:4      | Found a broken altar of Ashenzari.
  3181 | D:4      | Found an ornate altar of the Wu Jian Council.
  3195 | D:4      | Became a worshipper of the Wu Jian Council
  3309 | D:5      | Entered Level 5 of the Dungeon
  3312 | D:5      | Found a runed translucent gate.
  3315 | D:5      | Found a runed translucent gate.
  3316 | D:5      | Found a runed translucent gate.
  3680 | D:4      | Reached skill level 5 in Shields
  3680 | D:4      | Reached XP level 8. HP: 33/79 MP: 7/7
  3728 | D:5      | Reached skill level 7 in Unarmed Combat
  4029 | D:5      | Noticed Chaicat's ghost (novice GnFi)
  4042 | D:5      | Killed Chaicat's ghost
  4043 | D:5      | Reached skill level 5 in Fighting
  4043 | D:5      | Reached skill level 8 in Unarmed Combat
  4277 | D:6      | Reached XP level 9. HP: 82/88 MP: 8/8
  4401 | D:6      | Reached * piety under Wu Jian
  4508 | D:6      | Reached skill level 9 in Unarmed Combat
  4534 | D:6      | Found a staircase to the Ecumenical Temple.
  4817 | D:7      | Noticed Maggie
  4824 | D:7      | Killed Maggie
  4931 | D:7      | Found an opulent altar of Gozag.
  5052 | D:7      | Noticed Joseph
  5060 | D:7      | Killed Joseph
  5061 | D:7      | Reached skill level 10 in Unarmed Combat
  5190 | D:7      | Noticed Prince Ribbit
  5199 | D:7      | Killed Prince Ribbit
  5315 | D:7      | Reached XP level 10. HP: 79/100 MP: 9/9
  5386 | D:7      | Noticed Pikel
  5394 | D:7      | Killed Pikel
  5593 | D:7      | Found a runed translucent door.
  5594 | D:7      | Noticed Crazy Yiuf
  5599 | D:7      | Killed Crazy Yiuf
  5655 | D:8      | Noticed a two-headed ogre
  5675 | D:8      | Found a white marble altar of Elyvilon.
  5686 | D:8      | Killed a two-headed ogre
  5722 | D:8      | Reached skill level 11 in Unarmed Combat
  5722 | D:8      | Reached ** piety under Wu Jian
  6572 | D:9      | Found a sacrificial altar of Ru.
  6661 | D:9      | Noticed a two-headed ogre
  6674 | D:9      | Killed a two-headed ogre
  6686 | D:9      | Upgraded the game from 0.30-a0-341-g682706514a to
                  | 0.30-a0-347-gf58ed5266c
  7085 | D:9      | Reached XP level 11. HP: 109/109 MP: 10/10
  7113 | D:9      | Found a staircase to the Lair.
  7327 | D:10     | Entered Level 10 of the Dungeon
  7441 | D:10     | Noticed a two-headed ogre
  7451 | D:10     | Killed a two-headed ogre
  7452 | D:10     | Reached skill level 5 in Dodging
  7452 | D:10     | Reached skill level 12 in Unarmed Combat
  7557 | D:10     | Found a shimmering blue altar of Sif Muna.
  7592 | D:10     | Reached *** piety under Wu Jian
  7994 | D:11     | Found a staircase to the Orcish Mines.
  8034 | D:11     | Reached **** piety under Wu Jian
  8242 | D:11     | Noticed a two-headed ogre
  8245 | D:11     | Killed a two-headed ogre
  8837 | Lair:1   | Entered Level 1 of the Lair of Beasts
  8971 | Lair:1   | Noticed a boulder beetle
  9048 | Lair:1   | Killed a boulder beetle
  9271 | Orc:1    | Entered Level 1 of the Orcish Mines
  9289 | Orc:1    | Noticed an orc sorcerer
  9293 | Orc:1    | Killed an orc sorcerer
  9304 | Orc:1    | Reached skill level 13 in Unarmed Combat
  9374 | Orc:1    | Noticed Fannar
  9385 | Orc:1    | Killed Fannar
  9485 | Orc:1    | Found Voloanit's Jewellery Shoppe.
  9493 | Orc:1    | Bought the amulet of Dutoiwk {Reflect Str+5 SH+5} for 665
                  | gold pieces
  9538 | Orc:1    | Found a dark tunnel.
  9544 | Volcano  | Entered a volcano
  9593 | Volcano  | Reached XP level 12. HP: 95/120 MP: 11/11
  9870 | Volcano  | Noticed an orb of fire
 10130 | Volcano  | Noticed an orb of fire
 10416 | Orc:1    | Noticed a boulder beetle
 10431 | Orc:1    | Killed a boulder beetle
 10432 | Orc:1    | Reached skill level 14 in Unarmed Combat
 10434 | Orc:1    | Noticed Nergalle
 10444 | Orc:1    | Killed Nergalle
 10610 | Orc:2    | Entered Level 2 of the Orcish Mines
 10613 | Orc:2    | Noticed an orc high priest
 10725 | Orc:2    | Killed an orc high priest
 10811 | Orc:2    | Found Sihec's Distillery.
 10811 | Orc:2    | Noticed a two-headed ogre
 10811 | Orc:2    | Noticed a two-headed ogre
 10812 | Orc:2    | Found Seeniz's General Store.
 10812 | Orc:2    | Noticed a two-headed ogre
 10812 | Orc:2    | Noticed a two-headed ogre
 10812 | Orc:2    | Noticed a two-headed ogre
 10815 | Orc:2    | Noticed an ogre mage
 10846 | Orc:1    | Slain by an ogre

Illustrated notes

Levels and vault maps discovered:
D:1:      ldierk_walled_garden_2, layout_loops_ring,
          shapermc_ecumenical_altar_ellora, kennysheep_small_spiral
D:2:      layout_basic, chequers_arboretum
D:3:      cheibrodos_old_hovel, layout_loops_ring
D:4:      layout_basic, grunt_temple_overflow_champion_of_chaos,
          nicolae_wu_jian_wuxing_cycle, nicolae_overflow_hallway_of_the_gods,
          serial_shops, nicolae_shop_statue_plus, nicolae_ossuary_entry_plus
D:5:      layout_layer_cave, ebering_ghost_rock_garden
D:6:      layout_cave_pools, minmay_temple_entry_large_hall,
          kennysheep_windowed_goal
D:7:      layout_loops_cross, lemuel_crystal_altar, uniq_crazy_yiuf_cottage,
          uniq_maggie, uniq_prince_ribbit1, uniq_pikel, uniq_joseph
D:8:      layout_loops_ring, elyvilon_altar_5, dreamdust_mushroom_princess,
          minmay_mini_ossuary
D:9:      layout_irregular_city, hangedman_ru_absence, erik_lair_dragon
D:10:     layout_roguey, lemuel_coloured_pillars_altar
D:11:     layout_roguey, zombieorc1_lemuel
Lair:1:   layout_roguey, grunt_megastairs_1
Orc:1:    layout_diamond_mine, serial_shops, shop, nicolae_volcano_entry_s_turn,
          nicolae_orc_damp_corner, rock_pile, uniq_fannar, uniq_nergalle
Orc:2:    st_orc_open, layout_caves, basic_altar, nicolae_shop_firing_range

Skill      XL: |  1  2  3  4  5  6  7  8  9 10 11 12 |
---------------+-------------------------------------+-----
Shields        | 3 4 5 6 7 8 9 |  9.7
Unarmed Combat | 3 4 5 6 8 10 11 13 14 | 14.2
Fighting       | 3 4 5 6 7 8 |  8.9
Dodging        | 3 4 6 |  6.9

Action                   |  1- 3 |  4- 6 |  7- 9 | 10-12 || total
-------------------------+-------+-------+-------+-------++-------
Melee: Unarmed           |   112 |    80 |   244 |   579 ||  1015
Throw: Dart              |       |       |       |     4 ||     4
Invok: Lunge             |       |       |    14 |    53 ||    67
       Whirlwind         |       |       |     9 |   122 ||   131
Evoke: Wand              |       |       |       |     3 ||     3
  Use: Scroll            |     3 |     2 |     4 |     2 ||    11
       Potion            |     1 |       |     1 |     4 ||     6
 Stab: Sleeping          |     1 |       |       |       ||     1
Armor: Robe              |    34 |     8 |    26 |       ||    68
       Acid dragon scale |       |       |    14 |   102 ||   116
Dodge: Dodged            |    29 |    13 |    63 |   115 ||   220
Block: Kite shield       |    42 |    20 |    70 |   190 ||   322
       Reflection        |       |       |       |     9 ||     9

Table legend: (Time is in decaauts)
 A = Elapsed time spent in this place.
 B = Non-inter-level travel time spent in this place.
 C = Inter-level travel time spent in this place.
 D = Time resting spent in this place.
 E = Time spent auto-exploring this place.
 F = Levels seen in this place.
 G = Mean time per level.
                   A        B        C        D        E       F      G
               +--------+--------+--------+--------+--------+-----+--------+
         Total |  10893 |  10205 |    688 |    749 |   7271 |  16 |  680.8 |
       Dungeon |   8525 |   7899 |    626 |    252 |   6276 |  11 |  775.0 |
          Lair |    290 |    262 |     28 |     66 |    114 |   1 |  290.0 |
  Orcish Mines |    814 |    782 |     32 |    142 |    388 |   2 |  407.0 |
       Ossuary |    507 |    507 |      0 |     12 |    248 |   1 |  507.0 |
       Volcano |    756 |    756 |      0 |    277 |    245 |   1 |  756.0 |
               +--------+--------+--------+--------+--------+-----+--------+

Top non-repeatable levels by time:
     D:9: 1129 daAuts
     D:5: 895 daAuts
     D:1: 861 daAuts
     D:7: 848 daAuts
     D:4: 843 daAuts
    D:11: 820 daAuts
 Volcano: 756 daAuts
     D:8: 708 daAuts
   Orc:1: 690 daAuts
    D:10: 669 daAuts
     D:3: 647 daAuts
     D:2: 563 daAuts
     D:6: 537 daAuts
 Ossuary: 507 daAuts
  Lair:1: 290 daAuts
